Map: Zen LE

Players

liquidthermy (uThermal) - Winner!

  • Race: Terran Terran
  • Spawn Location: 1:00

LiquidClem (Clem)

  • Race: Terran Terran
  • League: Master
  • Spawn Location: 7:00

Event: Shopify TSL 5

VOD

Have the link to the VOD?

Description

Time

  • Played on: May 24, 2020, 2:38 p.m.
  • Length: 10:11

All games in this series

Show
View Real Time Build Order
Export as new Build Order

liquidthermy Terran - Winner!

Build Orders: 1/1/1, Liberator Opening 

Get SALT Encoding   

  12  0:01  SCV  
  13  0:13  SCV  
  14  0:17  Supply Depot  
  14  0:25  SCV  
  14  0:27  Refinery  
  15  0:38  SCV  
  16  0:44  Barracks  
  16  0:50  SCV  
  16  0:54  Refinery  
  17  1:02  SCV  
  18  1:15  SCV  
  19  1:31  Reaper, Orbital Command  
  20  1:35  Factory  
  20  1:43  Supply Depot  
  20  1:56  SCV  
  21  2:03  Barracks Reactor  
  21  2:08  SCV  
  22  2:18  Hellion, Starport  
  22  2:21  SCV  
  25  2:30  Supply Depot  
  25  2:33  SCV  
  26  2:40  Hellion, Reaper x2  
  30  2:54  Liberator  
  33  2:58  Supply Depot  
  33  3:01  Hellion  
  35  3:12  Reaper  
  36  3:13  Reaper  
  37  3:22  Hellion  
  39  3:34  Command Center  
  39  3:39  Starport Tech Lab  
  39  3:45  Marine x2, Factory Tech Lab  
  39  3:46  SCV  
  42  3:57  Supply Depot  
  42  3:58  SCV, Raven  
  45  4:03  Marine  
  45  4:05  Marine  
  44  4:17  Siege Tank  
  44  4:20  Marine  
  48  4:26  SCV, Supply Depot  
  46  4:36  Marine  
  47  4:38  SCV  
  47  4:44  Refinery  
  47  4:45  Marine  
  49  4:51  SCV, Raven  
  50  4:57  Marine  
  51  5:02  Orbital Command  
  51  5:05  Marine  
  51  5:08  SCV  
  50  5:17  Siege Tank  
  50  5:20  SCV  
  52  5:22  Marine  
  52  5:23  Marine  
  55  5:28  SCV  
  55  5:32  SCV  
  56  5:36  Raven  
  56  5:39  Marine  
  56  5:40  SCV  
  56  5:41  Marine  
  61  5:44  SCV  
  61  5:49  Supply Depot  
  62  5:52  SCV, Siege Tank  
  65  5:57  SCV, Marine  
  65  5:59  Marine  
  68  6:04  SCV  
  68  6:10  SCV  
  70  6:17  Command Center  
  70  6:24  SCV, Siege Tank  
  74  6:30  SCV  
  75  6:33  Supply Depot  
  75  6:34  Viking  
  75  6:36  SCV, Viking  
  80  6:42  SCV  
  80  6:44  Supply Depot, Marine  
  82  6:48  SCV  
  82  6:54  SCV, Stimpack  
  83  6:57  Siege Tank  
  83  7:00  SCV, Supply Depot  
  88  7:06  Viking, SCV  
  90  7:12  SCV, Viking  
  93  7:19  SCV  
  94  7:22  Marine  
  94  7:24  SCV  
  94  7:26  Barracks  
  94  7:27  Barracks  
  94  7:28  Refinery  
  96  7:31  SCV  
  96  7:34  Siege Tank  
  98  7:41  SCV  
  88  7:49  SCV  
  88  7:51  Marine  
  82  7:53  Viking  
  83  8:00  SCV, Orbital Command  
  83  8:01  SCV  
  85  8:05  Viking  
  85  8:06  Siege Tank  
  85  8:12  SCV  
  89  8:13  SCV  
  89  8:15  Barracks Reactor x2  
  89  8:18  Engineering Bay  
  89  8:19  Engineering Bay  
  90  8:23  Viking, Marine  
  90  8:24  SCV  
  90  8:26  SCV  
  96  8:27  SCV  
  96  8:36  SCV  
  96  8:38  Combat Shield, Siege Tank  
  96  8:39  SCV  
  96  8:40  SCV  
  102  8:41  Marine  
  102  8:48  SCV  
  104  8:50  Barracks  
  104  8:51  Refinery, Missile Turret  
  104  8:52  Marine, Barracks  
  104  8:53  Marine  
  104  8:54  SCV  
  107  8:58  Medivac  
  107  8:59  Marine  
  107  9:00  SCV, Marine  
  112  9:03  Supply Depot  
  112  9:04  Marine  
  112  9:05  Refinery  
  112  9:10  Siege Tank  
  112  9:11  Marine  
  112  9:14  SCV  
  112  9:15  SCV  
  112  9:16  SCV, Marine  
  115  9:17  Marine  
  115  9:18  Marine  
  115  9:20  Medivac  
  115  9:22  Marine  
  118  9:26  SCV  
  118  9:27  SCV  
  118  9:28  SCV  
  118  9:29  Marine  
  116  9:32  Medivac  
  116  9:34  Marine  
  116  9:35  Marine  
  116  9:36  Marine x2  
  122  9:38  SCV  
  122  9:40  Marine x2  
  128  9:46  Marine  
  128  9:51  Marine  
  127  9:52  Marine  
Show
View Real Time Build Order
Export as new Build Order

LiquidClem Terran 

Build Orders:  

Get SALT Encoding   

  12  0:00  SCV  
  13  0:12  SCV  
  14  0:17  Supply Depot  
  14  0:24  SCV  
  14  0:27  Refinery  
  15  0:38  SCV  
  16  0:44  Barracks  
  16  0:50  SCV  
  16  0:55  Refinery  
  17  1:02  SCV  
  18  1:14  SCV  
  19  1:30  Orbital Command  
  19  1:32  Factory  
  19  1:35  Reaper  
  20  1:44  Supply Depot  
  20  1:56  SCV  
  21  2:07  Reaper  
  23  2:08  SCV  
  23  2:16  Hellion  
  25  2:24  Command Center  
  25  2:28  SCV  
  26  2:34  Starport  
  26  2:38  Factory Tech Lab  
  26  2:39  Barracks Reactor  
  26  2:44  Supply Depot  
  26  2:48  SCV  
  27  3:00  SCV  
  27  3:05  Siege Tank  
  31  3:12  SCV  
  32  3:15  Marine x2  
  32  3:16  Refinery  
  34  3:21  Viking  
  34  3:25  SCV  
  37  3:35  Marine x2  
  37  3:37  Orbital Command  
  39  3:44  Cyclone  
  39  3:47  SCV  
  43  3:53  Starport Tech Lab  
  43  3:54  Marine x2  
  45  3:59  SCV  
  46  4:03  SCV  
  46  4:06  Supply Depot  
  47  4:11  Marine  
  47  4:13  Raven  
  44  4:19  SCV x2  
  44  4:23  Marine  
  45  4:31  SCV  
  46  4:33  Marine  
  46  4:36  SCV  
  46  4:40  Siege Tank  
  46  4:43  Marine  
  46  4:44  SCV  
  51  4:48  SCV  
  49  4:52  Marine  
  49  4:56  SCV  
  49  5:00  SCV  
  49  5:08  SCV, Marine  
  49  5:10  Marine  
  49  5:12  SCV  
  53  5:19  Raven  
  53  5:21  SCV  
  56  5:24  SCV, Supply Depot  
  56  5:26  Marine  
  56  5:28  Marine  
  58  5:33  SCV  
  60  5:36  SCV  
  60  5:41  Supply Depot  
  61  5:44  Marine  
  61  5:45  Siege Tank  
  61  5:46  Marine  
  61  5:47  SCV  
  61  5:48  SCV  
  68  5:59  SCV  
  68  6:00  SCV  
  68  6:03  Command Center  
  70  6:07  Supply Depot  
  70  6:11  SCV  
  71  6:12  Viking, Refinery  
  71  6:13  Viking  
  78  6:18  Siege Tank  
  78  6:21  Supply Depot  
  78  6:28  Stimpack, Marine  
  78  6:29  SCV x2  
  81  6:36  Supply Depot  
  81  6:41  SCV  
  81  6:42  Viking  
  81  6:44  Viking  
  81  6:45  SCV  
  81  6:46  Marine  
  88  6:53  SCV, Supply Depot  
  89  6:57  Siege Tank  
  91  7:04  Marine  
  91  7:07  Barracks x2  
  92  7:12  SCV x2  
  92  7:15  Viking x2  
  98  7:22  Orbital Command  
  97  7:23  Supply Depot  
  97  7:24  SCV  
  97  7:25  Marine  
  99  7:31  Siege Tank  
  98  7:40  SCV  
  98  7:43  Marine  
  87  7:47  Viking  
  87  7:49  SCV  
  71  7:54  SCV  
  71  7:55  Marine x2  
  73  7:58  Viking  
  73  8:01  Marine  
  73  8:03  Siege Tank  
  73  8:04  SCV  
  78  8:15  Barracks Reactor  
  78  8:17  Barracks  
  78  8:18  Barracks Reactor, Barracks  
  78  8:19  Marine  
  79  8:25  Viking  
  81  8:28  SCV  
  82  8:35  Siege Tank  
  82  8:36  SCV  
  82  8:37  SCV, Viking, Marine  
  90  8:54  Marine  
  91  8:56  Marine x2  
  91  8:57  Engineering Bay  
  91  8:58  Engineering Bay, Marine  
  91  9:00  SCV  
  94  9:05  Viking  
  94  9:08  Marine x2  
  98  9:10  Marine  
  98  9:16  Siege Tank  
  97  9:20  Viking  
  97  9:21  Marine  
  85  9:31  Marine  
  85  9:32  Marine x3  
  85  9:33  Marine x2  
  91  9:39  Marine  
  91  9:49  Marine x2  
  91  9:50  Marine  
  91  9:55  SCV x2  
Tags
 
Add a new tag
Caveats
  • Supply blocks, unpowered buildings, or Contaminate may cause inaccurate times.
  • Supply counts are checked every 10 seconds.